Map: Frozen Temple

Players

Miszu

  • Race: Zerg Zerg
  • League: Master

Snake - Winner!

  • Race: Zerg Zerg
  • League: Grandmaster

VOD

Have the link to the VOD?

Description

Time

  • Played on: June 29, 2016, 3:45 p.m.
  • Length: 10:25
Show
View Real Time Build Order
Export as new Build Order

Miszu Zerg 

Build Orders: Pool First 

Get SALT Encoding   

  12  0:01  Drone  
  13  0:12  Overlord  
  13  0:18  Drone  
  14  0:31  Drone x2  
  14  0:35  Drone  
  17  0:51  Spawning Pool  
  16  0:57  Drone  
  17  1:12  Hatchery  
  17  1:15  Extractor, Drone  
  16  1:19  Drone  
  17  1:31  Drone x2  
  19  1:40  Overlord  
  19  1:48  Queen  
  19  1:50  Zergling x2  
  22  2:00  Zergling x2  
  23  2:11  Zergling x2  
  23  2:15  Metabolic Boost  
  24  2:22  Drone  
  25  2:24  Queen  
  25  2:28  Overlord  
  27  2:38  Drone x2  
  28  2:47  Drone x2  
  30  2:59  Drone x5  
  30  3:03  Baneling Nest  
  34  3:19  Zergling x6, Spine Crawler  
  36  3:27  Drone  
  36  3:31  Drone x3  
  40  3:35  Overlord  
  40  3:42  Hatchery  
  40  3:44  Drone x2  
  41  3:54  Drone x4  
  45  4:03  Lair  
  45  4:05  Extractor  
  45  4:06  Extractor, Drone x2  
  45  4:10  Drone x3  
  45  4:15  Overlord  
  47  4:21  Roach Warren  
  46  4:28  Evolution Chamber  
  46  4:29  Drone x2  
  46  4:30  Evolution Chamber  
  46  4:38  Drone x2  
  46  4:39  Drone x2  
  50  4:55  Zerg Missile Weapons Level 1  
  50  4:56  Zerg Ground Armor Level 1  
  50  5:03  Queen  
  50  5:04  Drone x2  
  50  5:05  Drone x5  
  50  5:06  Drone  
  60  5:11  Glial Reconstitution  
  60  5:15  Roach  
  60  5:16  Roach  
  60  5:17  Roach  
  60  5:20  Overlord  
  66  5:33  Overlord x2  
  66  5:37  Overlord  
  66  5:43  Roach  
  66  5:45  Roach x3  
  74  5:52  Roach x5  
  74  5:54  Burrow  
  84  5:59  Roach x3  
  87  6:14  Roach x6  
  97  6:25  Roach x3  
  98  6:30  Overlord x3  
  94  6:45  Roach  
  88  6:55  Roach  
  88  6:56  Roach x5  
  88  6:57  Hatchery  
  99  7:02  Zerg Missile Weapons Level 2  
  99  7:12  Roach  
  99  7:13  Roach x2  
  105  7:23  Roach  
  105  7:24  Roach  
  105  7:25  Overlord  
  105  7:28  Roach  
  111  7:32  Roach x2  
  111  7:36  Overlord  
  115  7:49  Roach  
  115  7:50  Roach x2  
  121  7:53  Zerg Ground Armor Level 2  
  121  8:01  Roach  
  121  8:02  Roach  
  121  8:05  Extractor  
  124  8:06  Roach x2  
  124  8:09  Extractor  
  124  8:11  Drone x3  
  124  8:12  Drone  
  131  8:19  Roach  
  133  8:20  Roach x2  
  133  8:22  Overlord  
  133  8:23  Overlord x3  
  137  8:39  Pneumatized Carapace  
  137  8:44  Drone x6  
  143  8:50  Overseer x2  
  117  9:15  Roach x4  
  117  9:16  Roach x7  
  116  9:23  Roach  
  116  9:24  Roach x5  
  86  9:47  Roach x3  
  92  9:57  Roach  
  94  10:02  Roach  
Show
View Real Time Build Order
Export as new Build Order

Snake Zerg - Winner!

Build Orders: Pool First 

Get SALT Encoding   

  12  0:01  Drone  
  13  0:12  Overlord  
  13  0:18  Drone  
  14  0:29  Extractor, Drone  
  14  0:31  Drone  
  15  0:36  Drone  
  16  0:54  Spawning Pool  
  15  0:57  Drone  
  15  1:02  Drone  
  17  1:08  Drone  
  18  1:23  Drone  
  19  1:38  Drone  
  20  1:41  Queen  
  22  1:48  Hatchery  
  21  1:59  Roach Warren  
  20  2:02  Drone  
  20  2:07  Drone  
  22  2:15  Overlord  
  22  2:33  Queen  
  24  2:43  Roach x3  
  30  2:56  Overlord  
  30  3:02  Roach x3  
  30  3:04  Overlord  
  36  3:17  Roach x2  
  40  3:22  Drone  
  40  3:24  Drone  
  42  3:31  Evolution Chamber  
  41  3:35  Drone x2  
  41  3:39  Lair  
  43  3:43  Drone  
  44  3:51  Drone x3  
  44  3:52  Drone  
  48  3:58  Zerg Missile Weapons Level 1  
  48  4:01  Drone  
  49  4:06  Drone x2  
  51  4:15  Drone  
  51  4:16  Overlord  
  52  4:20  Overlord, Extractor  
  51  4:24  Drone  
  52  4:35  Drone x3  
  52  4:38  Glial Reconstitution, Drone x4  
  59  4:42  Extractor  
  59  4:44  Drone  
  59  4:47  Drone  
  59  4:52  Drone  
  61  4:53  Overseer  
  61  5:02  Hatchery  
  61  5:05  Roach x2  
  64  5:08  Drone  
  64  5:11  Roach  
  67  5:18  Overlord  
  67  5:22  Overlord  
  67  5:28  Overlord  
  67  5:36  Burrow  
  67  5:37  Roach  
  67  5:38  Roach x3  
  67  5:40  Drone  
  67  5:41  Overlord, Roach  
  78  5:46  Roach x2  
  82  5:56  Roach x3  
  88  5:59  Roach  
  88  6:01  Roach  
  88  6:02  Queen  
  88  6:04  Extractor  
  93  6:13  Ravager, Roach  
  93  6:14  Roach x2  
  100  6:25  Roach x2  
  100  6:29  Overlord  
  100  6:30  Overlord x2  
  97  6:40  Roach  
  93  6:48  Roach x4  
  93  6:49  Roach  
  93  6:50  Roach, Hatchery  
  100  6:58  Overlord  
  100  7:00  Roach  
  100  7:01  Tunneling Claws  
  104  7:08  Roach  
  104  7:11  Roach  
  106  7:18  Roach  
  106  7:21  Roach x2  
  112  7:24  Roach x2  
  112  7:28  Roach x2  
  120  7:34  Overlord  
  120  7:37  Overlord  
  120  7:48  Roach x2  
  124  7:54  Roach x4  
  124  7:57  Roach x4  
  140  8:07  Overlord x2  
  140  8:27  Roach x3  
  140  8:28  Roach x3  
  140  8:33  Roach  
  154  8:42  Roach x35  
  154  8:43  Hatchery  
  154  8:47  Roach x8  
  153  8:54  Roach  
  155  9:02  Roach x4  
  155  9:05  Roach x18  
  153  9:12  Roach  
  153  9:13  Roach x3  
  153  9:16  Roach x3  
  153  9:17  Roach x2  
  135  9:27  Roach  
  135  9:30  Roach  
  117  9:42  Roach x2  
  113  9:50  Roach x2  
  113  9:58  Ravager x3  
  113  9:59  Ravager x3  
  115  10:00  Roach x5  
  115  10:01  Roach  
Tags
 
Add a new tag
Caveats
  • Supply blocks, unpowered buildings, or Contaminate may cause inaccurate times.
  • Supply counts are checked every 10 seconds.